[Event "German Bundesliga 2021-22"]
[Site "Germany"]
[Date "2022.04.30"]
[Round "5.10"]
[White "Kryvoruchko, Yuriy"]
[Black "Svane, Rasmus"]
[Result "1/2-1/2"]
[ECO "A29"]
[WhiteElo "2683"]
[BlackElo "2637"]
[Annotator "TA"]
[PlyCount "138"]
[EventDate "2022.03.05"]
[EventType "team-tourn"]
[EventCountry "GER"]
[SourceTitle "playchess.com"]
[Source "ChessBase"]
[SourceQuality "1"]
[TimeControl "40/5400+30:1800+30"]

1. c4 Nf6 2. Nc3 e5 3. Nf3 Nc6 4. g3 d5 5. cxd5 Nxd5 6. Bg2 Bc5 7. O-O O-O 8. d3 h6 9. Nxd5 {[%emt 0:00:00] A29: English Opening: Four Knights Variation with 4 g3.} Qxd5 10. Bd2 {[%emt 0:00:00] [#]} Qe6 $146 ({Predecessor:} 10... a5 11. Bc3 Qe6 12. Nd2 a4 13. Nc4 f6 14. Rc1 Rd8 15. Qd2 Qe7 16. Qc2 Ra6 17. Bxc6 bxc6 {1-0 (34) Sevian,S (2684)-Robson,R (2676) Saint Louis 2022}) 11. Qc2 {[%emt 0:01:37] The position is equal.} Bd6 12. Bc3 a5 13. a3 Bd7 14. Rac1 Ra6 15. Rfd1 Re8 16. e3 Qg6 17. Qe2 Qh5 18. Qc2 (18. e4 $1 $11 {remains equal.}) 18... Bg4 $17 19. Nd2 Bxd1 20. Rxd1 b5 21. Rc1 Rb8 22. Ne4 b4 23. axb4 (23. Nxd6 $15 bxc3 24. Nc4) 23... Nxb4 ({Much worse is} 23... Bxb4 $6 24. Bxb4 Nxb4 25. Qxc7 $11) 24. Bxb4 Bxb4 25. Qxc7 Rab6 26. h3 Qf5 27. Qa7 Bf8 28. Qxa5 Rxb2 29. Qd5 R2b5 30. Qc4 Rb1 31. Rxb1 Rxb1+ 32. Kh2 Qd7 33. Qc3 Qb5 34. d4 Rb3 35. Qc8 exd4 36. exd4 Qb8 37. Qd7 Rb2 38. h4 Rc2 39. Qf5 Qc8 40. Qd5 Qc4 41. Qf5 g6 42. Qe5 Qe6 43. h5 Qxe5 (43... g5 {is more complex.} 44. Nf6+ Kh8 45. Ng4+ Qxe5 46. dxe5 Rd2) 44. dxe5 {[%emt 0:00:04][%mdl 4096] Endgame KRB-KBN} g5 45. Bh3 Re2 46. Bf5 Kg7 47. Kg2 {[%emt 0:00:04] [#]} Bc5 $1 48. Kf1 ({Don't go for} 48. Nxc5 $2 Rxe5 49. Ne4 Rxf5 $19) 48... Rc2 49. e6 fxe6 50. Bxe6 Bd4 51. Bd5 Kf8 52. Bb3 Rb2 53. Bc4 Ke7 54. Bg8 (54. f3 $17 {was worth a try.}) 54... Rb5 (54... g4 $19 55. Bc4 Rb4) 55. Bc4 (55. g4 $142) 55... Re5 56. Nd2 Ba7 57. Be2 Ke6 58. Bd1 Rb5 {[%emt 0:00:40] Hoping for ...Rb2.} 59. Be2 Rb2 ({Better is} 59... Rb8 60. Bg4+ Kd5) 60. Nf3 {[%emt 0:00:15] Black is better.} Kf5 {[%emt 0:00:47] White must now prevent ...g4.} 61. Nh2 {[%emt 0:00:01] Inhibits g4.} Kf6 62. Ng4+ Kg7 63. Bf3 Bd4 64. Be4 Rb3 65. Ke2 Ra3 66. Kf1 Ra4 67. Bf5 Bc5 68. Ke2 Ra5 69. Bg6 Ra4 {[%emt 0:00:26] Weighted Error Value: White=0.13 (very precise) /Black=0.10 (very precise)} (69... Ra2+ $17 70. Kf3 Bb6) 1/2-1/2

[Event "German Bundesliga 2021-22"]
[Site "Germany"]
[Date "2022.04.30"]
[Round "5.10"]
[White "Bluebaum, Matthias"]
[Black "Rabiega, Robert"]
[Result "1-0"]
[ECO "D07"]
[WhiteElo "2642"]
[BlackElo "2505"]
[Annotator "TA"]
[PlyCount "113"]
[EventDate "2022.03.05"]
[EventType "team-tourn"]
[EventCountry "GER"]
[SourceTitle "playchess.com"]
[Source "ChessBase"]
[SourceQuality "1"]
[TimeControl "40/5400+30:1800+30"]

1. d4 d5 2. c4 Nc6 3. Nc3 Nf6 4. Nf3 dxc4 5. e4 Bg4 6. Be3 e6 7. Bxc4 Bb4 8. Qc2 O-O 9. Rd1 {[%emt 0:00:00] D07: Queen's Gambit: Chigorin Defence.} Bxf3 10. gxf3 Nh5 {[%emt 0:01:30] [#]} 11. h4 $5 $146 {[%emt 0:06:00][%mdl 8] The position is equal. An interesting novelty.} ({Predecessor:} 11. a3 Ba5 12. Rg1 Qh4 13. Bb5 Qxh2 14. Ke2 f5 15. Bxc6 bxc6 16. Kd3 Qh3 17. exf5 Qxf5+ {0-1 (34) Yuffa,D (2587)-Krasenkow,M (2597) Tornelo INT 2021}) 11... Qf6 {[%emt 0:18:30] Prevents f4.} 12. Be2 e5 $2 (12... Nf4 $11) 13. Bg5 ({Only move:} 13. dxe5 $16 Nxe5 14. Bg5) 13... Qd6 (13... Nxd4 $2 14. Rxd4 $1 Bxc3+ 15. bxc3 $18) 14. dxe5 Qxe5 15. a3 (15. Kf1 $5 ) 15... Bd6 16. Nd5 $1 Rae8 17. Be3 {[%emt 0:05:30] A strong pair of Bishops.} Nf6 $1 18. Rg1 {[%emt 0:11:30][%cal Bh1g1,Bg1g5,Bg5b5][%mdl 32] aiming for f4.} Kh8 $1 19. Rg5 Qe6 (19... Qh2 $1 $11) 20. Nxf6 Qxf6 21. f4 $1 {[%emt 0:00:00] Strongly threatening e5.} Qe6 (21... Bxf4 $2 22. Rf5 Qxh4 23. Rxf4 $18 (23. Bxf4 g6 $18)) 22. Bf3 (22. Qc3 f6 23. Rh5 g6 $15) 22... f6 23. Rb5 Nd8 24. h5 b6 25. h6 {[%emt 0:00:30] And now hxg7+ would win.} gxh6 ({Better is} 25... g6 $14) 26. Rh5 $1 $16 Nf7 27. Qc3 Bc5 28. Bxc5 bxc5 29. Rxc5 (29. Qxc5 Nd6 30. Rd4 (30. Qxa7 $2 Nxe4 31. Qe3 Ng3 $19) 30... Qa2 $11) 29... Nd6 30. Rd4 (30. Rxc7 Nb5 31. Rdd7 Qxd7 $1 32. Rxd7 Nxc3 33. bxc3 h5 $15) 30... Rf7 31. a4 (31. Rxc7 $2 Nb5 32. f5 (32. Rc6 $2 Qh3 $19) 32... Nxc3 $19) 31... Qh3 32. Rh5 $1 Qe6 (32... Nxe4 $2 33. Rxh3 Nxc3+ 34. Kf1 $18) 33. Kd2 {[%emt 0:01:15] Black must now prevent e5.} (33. Rxh6 $6 Qf5 $16) 33... Rb8 34. Kc2 {[%emt 0:00:59] Inhibits Rb3.} (34. Rxh6 c5 35. Qxc5 Rxb2+ 36. Ke1 (36. Kc1 Qa2) 36... Rg7 $17) 34... Kg7 (34... Ne8 $142 35. Qc4 (35. Rxh6 c5 $11) 35... Qe7) 35. e5 $18 Nf5 36. Rd3 {[%emt 0:01:22] Bd5 is the strong threat.} Ne7 {[%emt 0:00:27] Against Bd5} 37. Be4 (37. Qxc7 $2 Rc8 38. Qxc8 (38. exf6+ $2 Rxf6 39. Qxc8 Qxc8+ $19) 38... Qxc8+ $19) 37... f5 38. Bg2 (38. Qxc7 $2 Rc8 39. Rg3+ Kh8 40. Qxc8+ Qxc8+ $19) (38. Rg3+ $6 Kf8 39. Bf3 (39. Qxc7 $2 Rc8 $19) 39... Rg7 $16) 38... Kh8 39. Rdh3 (39. Qxc7 Rg8 40. Rd8 Rfg7 $11) (39. b3 $18 {is more deadly.}) 39... Qa2 40. Rxh6 Qxa4+ 41. b3 {[%emt 0:00:00] White threatens e6+ and mate.} Qa2+ 42. Kc1 $1 {[%emt 0:00:00] Threatening mate with e6+.} Qa3+ 43. Kb1 (43. Qb2 Qc5+ 44. Qc3 Qb4 $14) 43... Qb4 {[%emt 0:00:00] [#]} 44. Bf1 $1 $36 {[%emt 0:01:11][%cal Bg2f1,Bf1c4,Bc4e6,Be6f5,Bf5e4][%mdl 2080] Keeping Black busy. 0x0.0007b5a3b0e1dp-1022s more active pieces.} ({Not} 44. Qxc7 $2 Rc8 45. Qd7 (45. Qxa7 $2 Qe1+ 46. Ka2 Rc2+ 47. Ka3 Qa1+ 48. Kb4 Qxa7 $19) 45... Qe1+ 46. Ka2 Qxf2+ 47. Ka3 Qxg2 $19) 44... Qxc3 45. Rxc3 Ng6 46. Bc4 Re7 47. Rh5 Rf8 48. Rf3 Rg7 (48... c6 $16 49. Bd3 a5) 49. Be6 Ne7 50. Rfh3 (50. Kc2 $18) 50... Ng6 $16 51. Bxf5 Nxf4 52. Rxh7+ Rxh7 53. Rxh7+ {[%emt 0:00:30] KRB-KRN} Kg8 54. Be4 Nd5 {[%emt 0:01:30] [#]} 55. Rh3 $1 $18 c6 (55... Nb6 $142 56. f3 Rd8) 56. Rg3+ Kh8 57. Rf3 {[%emt 0:00:43] Weighted Error Value: White=0.14 (very precise) /Black=0.25 (precise)} 1-0

[Event "German Bundesliga 2021-22"]
[Site "Germany"]
[Date "2022.04.30"]
[Round "5.10"]
[White "Nagy, Gabor"]
[Black "Nguyen, Thai Dai Van"]
[Result "1/2-1/2"]
[ECO "D45"]
[WhiteElo "2530"]
[BlackElo "2613"]
[Annotator "TA"]
[PlyCount "60"]
[EventDate "2022.03.05"]
[EventType "team-tourn"]
[EventCountry "GER"]
[SourceTitle "playchess.com"]
[Source "ChessBase"]
[SourceQuality "1"]
[TimeControl "40/5400+30:1800+30"]

1. c4 e6 2. Nc3 d5 3. d4 c6 4. e3 Nf6 5. Nf3 Nbd7 6. Be2 Bd6 7. O-O O-O 8. b3 b6 {[%emt 0:00:00] D45: Semi-Slav: 5 e3.} 9. Bb2 Bb7 10. Bd3 Re8 {[%emt 0:08:01] The position is equal.} 11. e4 {[%emt 0:07:31] [#] Hoping for e5.} dxc4 12. bxc4 {[%emt 0:00:18] aiming for e5.} (12. Bxc4 {keeps more tension.} b5 13. e5 bxc4 14. exd6 cxb3 15. Re1) 12... e5 {[%emt 0:00:24] Black wants to play ...exd4.} 13. d5 {[%emt 0:00:11] [#]} a6 $146 ({Predecessor:} 13... Nc5 14. Re1 Qd7 15. Bf1 Ba6 16. Nd2 cxd5 17. cxd5 Bxf1 18. Nxf1 b5 19. Ng3 b4 {0-1 (37) Javakhishvili,L (2479)-Santos Latasa,J (2639) Salamanca 2021}) 14. a4 Nc5 15. Bc2 Qc7 16. Qe2 Rad8 17. Rfd1 Bc8 18. Nd2 (18. dxc6 {with more complications.} Bg4 19. a5 bxa5 20. Nd5) 18... Bg4 19. f3 Bd7 20. g3 cxd5 21. cxd5 b5 22. axb5 axb5 23. Kg2 Rb8 {[%emt 0:02:35] Strongly threatening ...b4.} 24. Rdc1 Rec8 25. Nd1 Qb7 26. Ne3 Ne8 27. Rab1 Ra8 28. Bc3 f6 29. Ndc4 Na4 30. Bd2 ({Don't go for} 30. Nxd6 $2 {[#]} Nxc3 $1 31. Qxb5 (31. Nxb7 $2 {is the wrong capture.} Nxe2 32. Rd1 Nd4 $19) 31... Qxb5 $19) 30... Qa6 {[%emt 0:04:35] Weighted Error Value: White=0.05 (flawless) /Black=0.07 (flawless)} (30... Qa7 $14) 1/2-1/2

[Event "German Bundesliga 2021-22"]
[Site "Germany"]
[Date "2022.04.30"]
[Round "5.11"]
[White "Fridman, Daniel"]
[Black "Koch, Thomas"]
[Result "1-0"]
[ECO "E46"]
[WhiteElo "2626"]
[BlackElo "2458"]
[Annotator "TA"]
[PlyCount "139"]
[EventDate "2022.03.05"]
[EventType "team-tourn"]
[EventCountry "GER"]
[SourceTitle "playchess.com"]
[Source "ChessBase"]
[SourceQuality "1"]
[TimeControl "40/5400+30:1800+30"]

1. d4 Nf6 2. c4 e6 3. Nc3 Bb4 4. e3 O-O 5. Bd2 d5 6. Nf3 c5 7. a3 Bxc3 8. Bxc3 cxd4 {[%emt 0:00:00] E51: Nimzo-Indian: Rubinstein: 4...0-0 5 Nf3 d5.} 9. Nxd4 Re8 10. cxd5 Nxd5 {[%emt 0:05:29] The position is equal.} 11. Rc1 {[%emt 0:08:23] [#]} a6 $146 ({Predecessor:} 11... Bd7 12. Qb3 Nxc3 13. Rxc3 Nc6 14. Qxb7 Nxd4 15. exd4 Rb8 16. Qxa7 e5 17. d5 Rxb2 {0-1 (42) Kostlan,J (1974)-Palmqvist,F (2040) Stockholm 2013}) 12. Be2 b6 13. O-O Bb7 14. Bd2 e5 (14... Qf6 $11) 15. Nf5 $16 Nc6 16. Qb3 Nce7 17. Ng3 {[%emt 0:01:04] White is much more active.} Rc8 18. a4 Qd6 ({Black should try} 18... Rxc1 19. Rxc1 Nf6) 19. Bf3 (19. Bc4 $142) 19... Qe6 20. Rfd1 Red8 (20... Rxc1 $14 {was preferrable.} 21. Bxc1 (21. Rxc1 Rd8 $14) 21... g6) 21. Rxc8 Rxc8 22. e4 (22. h3 $16) 22... Nf4 $14 23. Qxe6 (23. Qb4 {with more complications.} a5 24. Qb5 Bc6 25. Qxb6 Bxa4 26. Qxe6 Nxe6 27. Ra1) 23... Nxe6 24. Bc3 Nc6 25. Bg4 {[%emt 0:08:54] Bxe6 is the strong threat.} Rc7 (25... Rd8 $14) 26. Bxe6 $16 fxe6 27. f3 $1 Kf7 28. Nf1 b5 29. axb5 axb5 30. b4 Ke7 31. Kf2 Rd7 32. Rc1 Kf7 33. Nd2 Ba8 34. Ra1 Rd3 35. Rc1 (35. Ra3 $16) 35... Nd4 ({Better is} 35... Rd7 $1 $11) 36. Nf1 $14 Kf6 37. h4 Nb3 38. Rc2 Nd4 39. Rc1 (39. Bxd4 $5 exd4 40. Ng3 $14) 39... Nb3 $1 40. Rc2 Nd4 41. Bxd4 exd4 {[%emt 0:00:00][%mdl 4096] Endgame KRB-KRN} 42. Rc5 Rb3 43. Rxb5 {[%emt 0:00:00] next Rb6 is good for White.} (43. Rc8 $5 Rb2+ 44. Ke1 Rb1+ 45. Ke2 $11) 43... Rb2+ 44. Kg3 Bc6 45. Rb6 Ba4 46. Kf4 Rxg2 47. Rd6 Rf2 ({Black should play} 47... h6 $11 48. e5+ Kf7) 48. Ng3 Bd1 49. Nh5+ $1 Kg6 {[%emt 0:00:33] [#]} 50. Rxd4 $1 Rxf3+ (50... Bxf3 $2 51. Ke3 $1 Rf1 52. Ng3 $18) (50... Rf1 51. Ng3) 51. Ke5 Kxh5 52. Rxd1 $16 {[%emt 0:00:05] KR-KR} Rb3 {[%emt 0:00:17][%mdl 8192] [#] Inhibits Rb1. Loses the game.} (52... Rc3 $16 {is more resistant.} 53. Kxe6 Rc4) 53. Rd4 $1 $18 Kxh4 $2 (53... g5 54. hxg5 Kxg5) 54. Kxe6 Kg5 55. e5 Re3 56. b5 Rb3 {[%emt 0:01:25] [#]} 57. Rd5 $1 {[%emt 0:00:08] Kd7 would kill now.} h5 58. Kd7 {[%emt 0:00:34] White mates.} Re3 59. e6+ Kf6 60. Rd6 h4 61. b6 h3 62. b7 h2 63. b8=Q h1=Q {[%emt 0:00:09] KQR-KQR} 64. e7+ Kg5 65. Qb5+ Kf4 66. Rd4+ Kg3 67. Qg5+ Kf2 68. Rd2+ Re2 69. Rxe2+ Kxe2 70. e8=Q+ {[%emt 0:00:06] Weighted Error Value: White=0.09 (flawless) /Black=0.49} 1-0

[Event "German Bundesliga 2021-22"]
[Site "Germany"]
[Date "2022.04.30"]
[Round "5.11"]
[White "Hansen, Sune Berg"]
[Black "Korobov, Anton"]
[Result "1/2-1/2"]
[ECO "A34"]
[WhiteElo "2527"]
[BlackElo "2695"]
[Annotator "TA"]
[PlyCount "68"]
[EventDate "2022.03.05"]
[EventType "team-tourn"]
[EventCountry "GER"]
[SourceTitle "playchess.com"]
[Source "ChessBase"]
[SourceQuality "1"]
[TimeControl "40/5400+30:1800+30"]

1. Nf3 c5 2. c4 Nf6 3. Nc3 d5 4. cxd5 Nxd5 5. e4 Nb4 6. d3 {[%emt 0:00:26] A34: Symmetrical English: 2 Nc3, lines with ...d5.} (6. Bb5+ $14 N8c6 7. a3 (7. d4 cxd4 8. a3 dxc3 $14) 7... Nd3+ 8. Ke2 Nf4+ 9. Kf1) 6... N4c6 {[%emt 0:00:00] [#]} 7. h3 $146 ({Predecessor:} 7. Bf4 f6 8. e5 Nd4 9. Be2 Nbc6 10. O-O f5 11. Rc1 e6 12. Nxd4 Nxd4 13. Be3 Bd7 {½-½ (40) Stearman,J (2435)-Sheng,J (2453) Charlotte 2021}) 7... Nd4 8. Nxd4 cxd4 9. Nb1 Nc6 10. Be2 {[%emt 0:01:12] The position is equal.} e5 11. Nd2 Be7 12. O-O O-O 13. a3 Bd7 14. Bg4 Be8 15. g3 b5 16. Nf3 Qd6 17. h4 a5 18. Bd2 a4 19. b4 Bd7 20. Nh2 Rac8 21. Rc1 Na7 22. Qe2 Rxc1 23. Rxc1 Rc8 24. Rxc8+ Nxc8 25. Bxd7 Qxd7 26. Qg4 Qxg4 27. Nxg4 $11 {[%emt 0:00:05][%mdl 4096] Endgame KBN-KBN} f6 28. h5 Na7 {[%emt 0:03:56] [#] ...Nc6 is the strong threat.} 29. Nh2 $1 Nc6 {[%emt 0:01:05][%cal Oc6b4] aiming for ...Nxb4!} 30. Nf3 Kf7 31. g4 g6 32. hxg6+ hxg6 33. Kf1 Ke6 34. Ke2 g5 {[%emt 0:01:41] A rather calm draw.  Weighted Error Value: White=0.04 (flawless) /Black=0.03 (flawless)} 1/2-1/2

[Event "German Bundesliga 2021-22"]
[Site "Germany"]
[Date "2022.04.30"]
[Round "5.11"]
[White "Richter, Michael"]
[Black "Kamsky, Gata"]
[Result "0-1"]
[ECO "B07"]
[WhiteElo "2496"]
[BlackElo "2657"]
[Annotator "TA"]
[PlyCount "132"]
[EventDate "2022.03.05"]
[EventType "team-tourn"]
[EventCountry "GER"]
[SourceTitle "playchess.com"]
[Source "ChessBase"]
[SourceQuality "1"]
[TimeControl "40/5400+30:1800+30"]

1. d4 Nf6 2. Nf3 g6 3. Nbd2 Bg7 4. e4 d6 5. Bd3 O-O 6. O-O Nc6 7. c3 e5 8. Re1 Re8 {[%emt 0:01:30] B07: Pirc Defence: Miscellaneous Systems.} 9. dxe5 Nxe5 10. Nxe5 dxe5 {[%emt 0:04:30] The position is equal.} 11. Nc4 {[%emt 0:00:30] [#]} h6 $146 ({Predecessor:} 11... b6 12. a4 Bb7 13. Bg5 Qe7 14. Qc2 Rad8 15. Ne3 Rd6 16. f3 Red8 17. Bf1 c6 {1-0 (33) Kuzubov,Y (2653)-Kosakowski,J (2385) Karlsruhe 2019}) 12. a4 a5 13. Qc2 Qe7 14. b3 Rd8 15. Ba3 Qe8 16. Ne3 Bf8 17. Bxf8 Qxf8 18. Bc4 c6 19. Rad1 Kg7 20. Rxd8 Qxd8 21. Rd1 Qe7 22. Qd3 Bd7 23. Qd6 Qxd6 24. Rxd6 Be8 25. f3 Nd7 26. Bd3 Kf8 {[%emt 0:01:00] aiming for ...Ke7.} 27. Bc2 Ke7 28. Rd1 f6 29. Kf2 Nc5 30. Nc4 (30. h4 $11) 30... Bf7 $15 31. Nd2 Rd8 32. Ke3 Be6 33. b4 (33. Rb1 $11) 33... axb4 $17 {[%emt 0:07:30] Black is more active.} 34. cxb4 Na6 35. Rb1 Rd4 $1 36. b5 Nb4 37. Rb2 Nxc2+ 38. Rxc2 {[%emt 0:00:05][%mdl 4096] Endgame KRB-KRN} Kd6 (38... Rxa4 $6 39. bxc6 Ra3+ 40. Kf2 bxc6 41. Rxc6 $11) 39. bxc6 bxc6 40. a5 ({Better is} 40. f4 $1 $15) 40... Ra4 41. Rb2 Kc7 {[%emt 0:00:00] Against Rb7+} 42. Nb1 Rxa5 43. Nc3 {[%emt 0:00:00] Against Rb5} Ra3 44. Kd3 Ra8 45. Rb4 c5 46. Rb1 Kc6 47. Kd2 (47. g4 $142) 47... Bc4 48. Kc2 h5 49. Rg1 h4 50. g3 h3 51. g4 g5 52. Rb1 Rd8 53. Rd1 {[%emt 0:00:00] Prevents Bd3+.} Rd4 54. Ra1 Rd3 $2 (54... Bd3+ $19 55. Kc1 Rb4) 55. Ra4 $11 Rxf3 {[%emt 0:00:47] Strongly threatening ...Rf2+.} 56. Rxc4 {[%emt 0:00:07] KRN-KR} Rf2+ 57. Kd3 Rxh2 58. Na4 $2 (58. Ra4 $11) 58... Rh1 (58... Rg2 $1 $17 {And now ...h2 would win.} 59. Rxc5+ Kd6) 59. Rxc5+ Kd6 60. Rc2 h2 {[%emt 0:00:33] ( -> ...Rd1+)} 61. Kc3 $2 {[%emt 0:00:33][%mdl 8192] [#] This move loses the game for White.} (61. Kc4 $11) 61... Ra1 $1 $19 {[%emt 0:00:27] Black is clearly winning.} 62. Rd2+ Ke7 63. Rxh2 Rxa4 64. Rh7+ Ke6 65. Kd3 {[%emt 0:00:36] [#]} Ra3+ $1 66. Ke2 Rg3 {[%emt 0:00:49] Weighted Error Value: White=0.17 (very precise) /Black=0.13 (very precise)} 0-1

[Event "German Bundesliga 2021-22"]
[Site "Germany"]
[Date "2022.04.30"]
[Round "5.11"]
[White "Vogel, Roven"]
[Black "Eljanov, Pavel"]
[Result "1/2-1/2"]
[ECO "E04"]
[WhiteElo "2452"]
[BlackElo "2681"]
[Annotator "TA"]
[PlyCount "229"]
[EventDate "2022.03.05"]
[EventType "team-tourn"]
[EventCountry "GER"]
[SourceTitle "playchess.com"]
[Source "ChessBase"]
[SourceQuality "1"]
[TimeControl "40/5400+30:1800+30"]

1. d4 Nf6 2. c4 e6 3. Nf3 d5 4. g3 dxc4 5. Bg2 c6 6. Ne5 Bb4+ 7. Nc3 Nd5 8. Bd2 b5 9. O-O O-O 10. a4 a5 11. Qc2 f6 12. Nf3 Bxc3 13. bxc3 Bd7 14. Nh4 Ra6 15. Be4 f5 16. Bg2 Nb6 17. Nf3 Nxa4 18. Bg5 Qe8 19. Rxa4 bxa4 20. Ne5 c5 21. dxc5 Bc6 22. Nxc6 Rxc6 23. Bxc6 Qxc6 24. Ra1 Qxc5 25. Qxa4 Nc6 26. Rb1 Qd5 27. Rb5 Qe4 28. Qd1 f4 29. f3 Qe3+ 30. Kg2 e5 31. Rb7 (31. Qd5+ Kh8 32. Rb2 (32. Qxc6 Qxe2+ 33. Kh3 fxg3 $11) 32... h6 $1) ({White should try} 31. Kh3 $1 $16 h6 32. Bxh6 $1 (32. Qd5+ Kh7 $11)) 31... e4 $1 $14 32. Qd7 exf3+ $1 33. exf3 Qe2+ (33... Qe5 $14) 34. Kh3 $16 Qe5 35. gxf4 Qf5+ 36. Qxf5 Rxf5 37. Rc7 h6 {[%emt 0:01:40] [#]} 38. Bh4 $1 ({Don't play} 38. Rxc6 hxg5 39. Kg3 Kf7 $14) 38... Rxf4 (38... Nb8 $16) 39. Rxc6 $18 Rxf3+ 40. Kg4 Rxc3 41. Bg3 ({Resist} 41. Be1 $6 Rc2 $16) 41... a4 42. Kf5 Kh7 (42... Rc2 $16 43. Ra6 Ra2) 43. Rc7 Rf3+ 44. Ke4 Rf6 45. Rxc4 (45. Be5 $18 Rg6 46. Ra7 (46. Rxc4 Rg4+ 47. Kd5 Rxc4 $11)) 45... Ra6 $16 46. Rc7 a3 47. Be5 Kg6 48. Rxg7+ Kh5 49. Kf3 a2 {[%emt 0:02:08] [#]} 50. Ba1 $1 Kh4 51. Kg2 Rd6 52. Rf7 Rg6+ 53. Kf2 Rd6 54. Rf4+ Kh3 55. Rf3+ Kh4 56. Ra3 Rd2+ 57. Kf3 Rxh2 58. Ra5 Rh3+ 59. Kf4 Rb3 (59... Rg3 {keeps more tension.} 60. Be5 Rg1 61. Bf6+ Kh3) 60. Rxa2 Rb4+ 61. Kf5 Kg3 62. Be5+ Kf3 63. Ra3+ Ke2 64. Rh3 Rc4 65. Ke6 h5 66. Kd5 Rc8 67. Ke4 Re8 68. Rxh5 Re7 (68... Kf2 $11) 69. Rh1 (69. Rh2+ $1 $14 Kd1 70. Ra2) 69... Re8 (69... Kf2 $11) 70. Rh2+ $1 $14 Ke1 71. Ra2 ({Better is} 71. Kf4 $1 $14) 71... Re7 $11 72. Kd4 Kf1 73. Bf4 Re2 74. Ra8 Re7 75. Bg5 Re6 76. Rg8 Ke2 77. Bf4 Re7 78. Be5 Kf2 79. Bg3+ Kf3 80. Bd6 Re4+ 81. Kd5 Re1 82. Rg3+ Kf2 83. Rg6 Re8 84. Bc5+ Ke2 85. Rg2+ Kd3 86. Bb6 Re7 87. Rg3+ Ke2 88. Ra3 Rd7+ 89. Kc4 Re7 90. Ra2+ Kf3 91. Kd3 Kg4 92. Ra5 Rf7 93. Rd5 Rf3+ 94. Be3 Rf5 95. Rd7 Kf3 96. Rg7 Rd5+ 97. Bd4 Rf5 98. Re7 Kg4 99. Re1 Ra5 100. Ke4 Ra4 101. Rg1+ Kh4 102. Ke5 Kh3 103. Rg8 Rb4 104. Be3 Rg4 105. Ra8 Rb4 106. Ra2 Kg3 107. Bf2+ Kf3 108. Bc5 Re4+ 109. Kd5 Re8 110. Rf2+ Kg4 111. Bd4 Kg5 112. Rg2+ Kf5 113. Rf2+ Kg5 114. Rg2+ Kf5 115. Rf2+ 1/2-1/2

[Event "German Bundesliga 2021-22"]
[Site "Germany"]
[Date "2022.04.30"]
[Round "5.12"]
[White "Amin, Bassem"]
[Black "Ernst, Sipke"]
[Result "1-0"]
[ECO "A06"]
[WhiteElo "2682"]
[BlackElo "2532"]
[Annotator "TA"]
[PlyCount "101"]
[EventDate "2022.03.05"]
[EventType "team-tourn"]
[EventCountry "GER"]
[SourceTitle "playchess.com"]
[Source "ChessBase"]
[SourceQuality "1"]
[TimeControl "40/5400+30:1800+30"]

1. Nf3 d5 2. g3 g6 3. Bg2 Bg7 4. d4 c6 5. O-O Nf6 6. b3 O-O 7. Bb2 Ne4 8. Nbd2 c5 9. e3 {[%emt 0:13:56] A49: 1 d4 Nf6 2 Nf3 g6 3 g3: Anti-King's Indian systems.} Bg4 {[%emt 0:09:31] [#]} 10. c4 $146 ({Predecessor:} 10. h3 Nxd2 11. Qxd2 Bxf3 12. Bxf3 Nc6 13. Rad1 cxd4 14. exd4 e6 15. Bg2 Rc8 16. a3 {0-1 (24) Caetano,R (1981)-Cordioli,J (1821) Penha 2017}) 10... cxd4 11. exd4 {[%emt 0:07:20] The position is equal.} e6 12. Re1 f5 13. Nf1 (13. h3 $11 Bh5 14. g4 fxg4 15. hxg4 Nxd2 16. Nxd2 (16. gxh5 Nxf3+ 17. Bxf3 Nc6 $17)) 13... Nc6 $17 {[%emt 0:07:29] And now ...f4 would win.} 14. cxd5 exd5 ({But not} 14... Qxd5 $6 15. Ne3 Bxf3 16. Bxf3 $11) 15. Ne3 Bxf3 16. Bxf3 Qa5 17. a3 Rad8 18. Qd3 Kh8 19. Rad1 a6 20. Bg2 Rd7 21. b4 Qb6 22. Re2 Qd8 23. Nc2 Re8 24. Rde1 Rde7 25. Na1 a5 26. b5 Nb8 27. a4 Nd7 28. Nb3 b6 ({Black should try} 28... Nb6 $11) 29. Ba3 Re6 30. f3 Ng5 31. Bd6 Rxe2 32. Rxe2 Nf7 (32... Ne6 $11) 33. Bc7 $1 $16 {[%emt 0:00:48] White is more active.} Qc8 (33... Qa8 $16) 34. Rxe8+ $2 (34. Rc2 $1 $18) 34... Qxe8 $11 35. Kf2 Qc8 36. Qc2 (36. Bf4 $11 {and White has nothing to worry.}) 36... Nf8 $4 {[%emt 0:00:56][%mdl 8192] [#]} (36... Nd8 $1 $19 {[%cal Rd8e6] avoids the disaster. ...Ne6 is the strong threat.} 37. Na1 Ne6) 37. Qc6 (37. Qc1 $1 $18) 37... Nd7 {[%emt 0:00:18] [#]} (37... Nd8 $1 $14 38. Bxd8 (38. Qxb6 Nfe6 $11) 38... Qxd8) 38. Bf4 $1 $36 {[%emt 0:00:48][%mdl 2048] White is on the roll.} ({Not} 38. Qxd5 Qxc7 39. Qxf7 Qc2+ 40. Kg1 Bxd4+ 41. Nxd4 Qd1+ 42. Bf1 Qxd4+ 43. Kg2 Qd2+ 44. Kh3 Qh6+ 45. Kg2 Qd2+ 46. Kh3 Qh6+ 47. Kg2 Qd2+ $11) 38... Qe8 39. Qxd5 Qe7 (39... Nf6 $142 40. Qc6 Qd8) 40. Bf1 {[%emt 0:00:40] Strongly threatening Bc4. This bishop pair is nice.} Bh6 41. Bxh6 Nxh6 42. Bc4 Kg7 43. Qe6 Kf8 (43... Qxe6 $142 44. Bxe6 Nf8) 44. Qxe7+ (44. Qc6 $18) 44... Kxe7 {[%emt 0:00:00][%mdl 4096] Endgame KBN-KNN} 45. Ke3 g5 (45... Nf7 $142 46. Nd2 Nd6) 46. Nd2 Nf6 47. Kd3 Nf7 $2 (47... Kd7 48. Bb3 Kc7) 48. Bxf7 {[%emt 0:05:05] White is clearly winning.} Kxf7 49. Nc4 Nd5 50. Ne3 Ne7 51. d5 {[%emt 0:01:45] Weighted Error Value: White=0.25 (precise) /Black=0.47} 1-0